 Dungeon Crawl Stone Soup version 0.20-a0-303-g575bbf7 (webtiles) character file.

410 Goblin1989 the Slasher (level 6, 0/48 HPs)
             Began as a Demonspawn Monk on Dec 16, 2016.
             Was an Initiate of Gozag.
             Succumbed to a scorpion's poison
             ... on level 5 of the Dungeon.
             The game lasted 00:13:13 (4537 turns).

Goblin1989 the Slasher (Demonspawn Monk)            Turns: 4537, Time: 00:13:13

Health: 0/48       AC:  7    Str: 13    XL:     6   Next: 58%
Magic:  15/15      EV: 17    Int: 17    God:    Gozag
Gold:   152        SH:  0    Dex: 20    Spells: 5/5 levels left

rFire  . . .     SeeInvis .     a - +0 falchion
rCold  . . .     Gourm    .     p - +0 ring mail
rNeg   . . .     Faith    .     (no shield)
rPois  .         Spirit   +     (helmet restricted)
rElec  .         Reflect  .     w - +1 cloak (curse)
rCorr  .         Harm     .     (no gloves)
MR     .....                    (no boots)
Stlth  +++.......               (no amulet)
                                (no ring)
                                d - ring of magical power

@: brilliant, agile, lethally poisoned (0 -> -2), very slightly contaminated,
hasted, very quick
A: antennae 1, magic shield
a: Potion Petition, Call Merchant, Bribe Branch, Renounce Religion


You were on level 5 of the Dungeon.
You worshipped Gozag.
Gozag was aware of your devotion.
You were not hungry.

You visited 1 branch of the dungeon, and saw 5 of its levels.

You collected 152 gold pieces.

Inventory:

Hand Weapons
 a - a +0 falchion (weapon)
 b - a +2 dagger of venom
Armour
 p - a +0 ring mail (worn)
 w - a cursed +1 cloak (worn)
Jewellery
 d - a ring of magical power (left hand)
Scrolls
 i - 2 scrolls of remove curse {@r2}
 m - a scroll of noise {!r}
 R - a scroll of identify {@r1}
Potions
 o - a potion of haste {!q, @q3}
Comestibles
 c - 4 bread rations {@e1}
 f - a meat ration {@e2}
 g - 2 beef jerkies
 k - a royal jelly
 r - a chunk of flesh {@w0}
 s - a slice of pizza
 v - a fruit


   Skills:
 + Level 4.2 Fighting
 * Level 5.8 Long Blades
 + Level 1.9 Armour
 - Level 2.6 Dodging
 - Level 1.7 Stealth


You had 5 spell levels left.
You didn't know any spells.

Dungeon Overview and Level Annotations

Branches:
Dungeon (5/15)
 Temple: D:4-7

Altars:
Dithmenos
Elyvilon
Fedhas
Gozag
Zin


Innate Abilities, Weirdness & Mutations

You have a pair of small antennae on your head.
When hurt, damage is shared between your health and your magic reserves.


Message History

MP restored: 15
* * * LOW HITPOINT WARNING * * *
You feel sick.
Found a stone staircase leading down.
You take 1 damage, and have 2/48 hp.
Unknown command.
* * * LOW HITPOINT WARNING * * *
You feel sick.
You take 1 damage, and have 1/48 hp.
Unknown command.
* * * LOW HITPOINT WARNING * * *
You feel sick.
You take 1 damage, and have 1/48 hp.
You float gracefully downwards.
Found 10 gold pieces.
There is a stone staircase leading down here.
You climb downwards.
Found a bread ration.
There is a stone staircase leading up here.
You die...
Your body crumbles into a pile of gold.

$ ....█
....▲
....█
█..%█ $
██...██
▲.....█
█.....█
█.@...█
█.<...█
█.....█
█.....█
██...██


█████ There were no monsters in sight!

Vanquished Creatures
  An ogre (D:4)
  A scorpion (D:4)
  A worker ant (D:4)
  4 gnolls (D:3)
  11 adders
  2 dart slugs
  5 worms
  6 leopard geckos
  3 orcs
  2 ball pythons
  4 giant cockroaches
  12 goblins
  4 hobgoblins
  4 jackals (D:2)
  13 kobolds
  3 quokkas
  12 bats
  3 frilled lizards
  11 rats
102 creatures vanquished.

Notes
Turn   | Place    | Note
-------+----------+-------------------------------------------
     0 | D:1      | Goblin1989 the Demonspawn Monk began the quest for the Orb.
     0 | D:1      | Reached XP level 1. HP: 18/18 MP: 1/1
   155 | D:1      | Reached skill level 3 in Long Blades
   170 | D:1      | Gained mutation: When hurt, damage is shared between your health and your magic reserves. [demonic ancestry]
   170 | D:1      | Reached XP level 2. HP: 12/24 MP: 2/2
  1013 | D:1      | Gained mutation: You have a pair of small antennae on your head. [demonic ancestry]
  1013 | D:1      | Reached XP level 3. HP: 27/29 MP: 3/3
  1244 | D:2      | Reached skill level 4 in Long Blades
  1776 | D:2      | Found a blossoming altar of Fedhas.
  2019 | D:2      | Reached XP level 4. HP: 28/35 MP: 4/4
  2393 | D:2      | Found a shadowy altar of Dithmenos.
  2876 | D:3      | Reached skill level 1 in Armour
  2891 | D:3      | Reached XP level 5. HP: 13/41 MP: 5/5
  2898 | D:3      | Reached skill level 5 in Long Blades
  3453 | D:3      | Found a glowing silver altar of Zin.
  3967 | D:4      | Found a white marble altar of Elyvilon.
  4012 | D:4      | Noticed an ogre
  4032 | D:4      | Killed an ogre
  4032 | D:4      | Reached XP level 6. HP: 13/48 MP: 5/6
  4359 | D:4      | Found an opulent altar of Gozag.
  4363 | D:4      | Became a worshipper of Gozag Ym Sagoz the Greedy
  4527 | D:4      | HP: 2/48 [poisoned by a scorpion]
  4533 | D:4      | HP: 1/48 [poisoned by a scorpion]
  4536 | D:5      | Entered Level 5 of the Dungeon
  4537 | D:5      | Succumbed to a scorpion's poison

Vault maps used:
D:1:      dpeg_arrival_signposts
D:2:      fedhas_altar_3, grunt_dithmenos_smoke_and_mirrors,
          grunt_decor_mini_mirrors, minivault_4, minmay_pentomino_x2
D:3:      overflow_temple_1_default, first_bread, minmay_misc_feat_tiny
D:4:      marbit_many_paths, elyvilon_altar_5, kennysheep_small_circle
D:5:      lemuel_doored_altar, vehumet_altar_wand_db, tgw_kikubaaqudgha

Skill      XL: |  1  2  3  4  5 |
---------------+----------------+-----
Long Blades    | 3 4 5 |  5.8
Armour         | 1 |  1.9
Fighting       | 4 |  4.2
Dodging        | |  2.6
Stealth        | |  1.7

Action                   |  1- 3 |  4- 6 || total
-------------------------+-------+-------++-------
Melee: Falchion          |   119 |   261 ||   380
Invok: Potion Petition   |       |     1 ||     1
  Use: Scroll            |       |     7 ||     7
       Potion            |       |     5 ||     5
 Stab: Sleeping          |     4 |     1 ||     5
  Eat: Chunk             |     4 |     8 ||    12
Armor: Robe              |    13 |     3 ||    16
       Ring mail         |       |    62 ||    62
Dodge: Dodged            |    97 |   169 ||   266
       Rpst.: Falchion   |    31 |    55 ||    86

Vault maps used:
D:1:      dpeg_arrival_signposts
D:2:      fedhas_altar_3, grunt_dithmenos_smoke_and_mirrors,
          grunt_decor_mini_mirrors, minivault_4, minmay_pentomino_x2
D:3:      overflow_temple_1_default, first_bread, minmay_misc_feat_tiny
D:4:      marbit_many_paths, elyvilon_altar_5, kennysheep_small_circle
D:5:      lemuel_doored_altar, vehumet_altar_wand_db, tgw_kikubaaqudgha
